 Dungeon Crawl Stone Soup version 0.18.1-50-g88ac8fd (webtiles) character file.

124 Chiseanne the Sneak (level 4, -1/23 HPs)
             Began as a Spriggan Assassin on Mar 29, 2017.
             Killed by divine providence
             ... invoked by an orc priest
              (13 damage)
             ... on level 3 of the Dungeon.
             The game lasted 00:04:26 (1757 turns).

Chiseanne the Sneak (Spriggan Assassin)             Turns: 1757, Time: 00:04:26

Health: -1/23      AC:  5    Str:  7    XL:     4   Next: 81%
Magic:  5/5        EV: 20    Int: 12    God:
Gold:   99         SH:  0    Dex: 18    Spells: 0 memorised, 3 levels left

rFire  . . .     SeeInvis +     r - +1 whip (distort)
rCold  . . .     Gourm    .     c - +0 robe
rNeg   . . .     Faith    .     (shield restricted)
rPois  .         Spirit   .     (helmet restricted)
rElec  .         Dismiss  .     d - +2 cloak
rCorr  .         Reflect  .     (gloves unavailable)
SustAt .         Harm     .     (boots unavailable)
MR     .....                    (no amulet)
Stlth  ++++......               (no ring)
                                (no ring)

@: very quick, not resistant to hostile enchantments, stealthy
A: unfitting armour, see invisible, herbivore 3, speed 3, slow metabolism 2
a: no special abilities


You were on level 3 of the Dungeon.
You were not hungry.

You visited 1 branch of the dungeon, and saw 3 of its levels.

You collected 99 gold pieces.

Inventory:

Hand Weapons
 a - a +1 dagger of electrocution
 r - a +1 whip of distortion (weapon)
 w - a +0 blowgun
Missiles
 b - 15 sling bullets
 e - 26 poisoned needles
 f - a curare-tipped needle
 m - 37 arrows
 n - 88 stones (quivered)
Armour
 c - a +0 robe (worn)
 d - a +2 cloak (worn)
Scrolls
 i - 2 scrolls of remove curse
 j - a scroll of identify
Potions
 h - 2 potions of lignification
 k - a potion of agility {unknown}
 l - 2 potions of flight {unknown}
 o - a potion of curing {unknown}
 p - a potion of mutation {unknown}
 q - a potion of heal wounds {unknown}
Comestibles
 g - a bread ration


   Skills:
 + Level 2.3 Fighting
 - Level 2.1 Short Blades
 + Level 2.6 Throwing
 * Level 4.3 Dodging
 * Level 6.9 Stealth


You had 3 spell levels left.
You didn't know any spells.

Dungeon Overview and Level Annotations

Branches:
Dungeon (3/15)

Altars:
Ru


Innate Abilities, Weirdness & Mutations

You are tiny and cannot use many weapons and most armour.
You have supernaturally acute eyesight.
You are a herbivore.
You cover ground extremely quickly.
You need consume almost no food.


Message History

An orc and an orc priest come into view.
The orc shouts!
A hobgoblin and an orc priest come into view.
The hobgoblin shouts!
The orc priest misses you.
You barely miss the orc priest.
A kobold comes into view. It is wielding a dagger.
The kobold shouts!
The orc priest shouts!
You hit the orc but do no damage.
Space bends around the orc.
The orc is heavily wounded.
You hear a shout!
The orc priest calls down the wrath of Beogh upon you.
Beogh smites you!
You hit the orc.
The orc is almost dead.
The orc blinks!
The orc priest invokes the aid of Beogh against you.
Beogh smites you!
Ouch! That really hurt!
You die...

.# ##.## .#
#...# .#
###...###
.#
#.......#
.#
#..o....#
.#
#.......#
.# #.....#
.#
#.....###K#
.##
#.#...@§og#
..#
#.###.###o#
..# #.# #.#
..# #.# #.#
.## #.# #.#
.# #.# #.#
.# #.# #.#
.# #.# #.#
.# #>#


You could see 2 orc priests, an orc, a hobgoblin and a kobold.

Vanquished Creatures
  Natasha (thrice) (D:2)
  A gnoll (D:1)
  3 bats
  2 giant cockroaches (D:1)
  6 goblins
  8 hobgoblins
  7 jackals
  2 giant newts
  5 kobolds
  5 rats
42 creatures vanquished.

Notes
Turn   | Place    | Note
--------------------------------------------------------------
     0 | D:1      | Chiseanne the Spriggan Assassin began the quest for the Orb.
     0 | D:1      | Reached XP level 1. HP: 10/10 MP: 2/2
   103 | D:1      | Reached XP level 2. HP: 12/15 MP: 3/3
   283 | D:1      | Reached skill level 6 in Stealth
   463 | D:1      | Reached XP level 3. HP: 18/18 MP: 4/4
   789 | D:2      | Noticed Natasha
   895 | D:2      | Killed Natasha
  1263 | D:2      | Found a sacrificial altar of Ru.
  1469 | D:2      | Noticed Natasha
  1475 | D:2      | Killed Natasha
  1475 | D:2      | Reached XP level 4. HP: 23/23 MP: 5/5
  1494 | D:2      | Noticed Natasha
  1497 | D:2      | Killed Natasha
  1757 | D:3      | Killed from afar by an orc priest

Skill      XL: |  1  2  3 |
---------------+----------+-----
Dodging        | 2 3 4 |  4.3
Stealth        | 6 |  6.9
Fighting       | 2 |  2.3
Short Blades   | |  2.1
Throwing       | |  2.6

Action                   |  1- 3 |  4- 6 || total
-------------------------+-------+-------++-------
Melee: Dagger            |    75 |    16 ||    91
       Whip              |       |    14 ||    14
 Fire: Blowgun           |    18 |     2 ||    20
  Use: Scroll            |     4 |     3 ||     7
 Stab: Sleeping          |     8 |     3 ||    11
Armor: Robe              |     4 |     3 ||     7
Dodge: Dodged            |    60 |    30 ||    90
